 Dungeon Crawl Stone Soup version 0.21.1-1-g345015f (webtiles) character file.

957 tidbits the Grave Robber (level 8, 62/62 HPs)
             Began as a Gnoll Necromancer on June 27, 2018.
             Quit the game in the Ecumenical Temple.
             The game lasted 00:12:03 (1130 turns).

tidbits the Grave Robber (Gnoll Necromancer)        Turns: 1130, Time: 00:12:04

Health: 62/62      AC:  6    Str: 12    XL:     8   Next: 14%
Magic:  16/16      EV: 15    Int: 21    God:
Gold:   82         SH:  6    Dex: 15    Spells: 5/18 levels left

rFire    . . .     SeeInvis .   a - +2 short sword (venom)
rCold    . . .     Gourm    .   D - +1 buckler
rNeg     + . .     Faith    .   B - +0 robe
rPois    .         Spirit   .   (no helmet)
rElec    .         Reflect  .   C - +2 cloak
rCorr    .         Harm     .   G - +0 pair of gloves
MR       .....                  (no boots)
Stlth    +++.......             (no amulet)
HPRegen  0.20/turn              l - ring of positive energy
MPRegen  0.15/turn              (no ring)

@: no status effects
A: distributed training, fangs 1, talons 1, robust 1, strong 1, strong nose
a: no special abilities


You were in the Ecumenical Temple.
You were hungry.

You visited 2 branches of the dungeon, and saw 6 of its levels.
You also visited: Sewer.

You collected 82 gold pieces.

Inventory:

Hand Weapons
 a - a +2 short sword of venom (weapon)
   (You took it off a kobold on level 1 of the Dungeon)
 g - a +0 spear
 j - a +0 flail
 q - a +0 dagger
 s - a +2 vampiric short sword
   (You found it on level 4 of the Dungeon)
 t - a +0 fustibalus
Missiles
 d - 8 tomahawks of dispersal {!f}
 e - 5 stones (quivered)
 m - 3 tomahawks
 u - 52 arrows
Armour
 k - a +0 ring mail
 B - a +0 robe (worn)
 C - a +2 cloak (worn)
 D - a +1 buckler (worn)
 G - a +0 pair of gloves (worn)
Jewellery
 l - a ring of positive energy (left hand)
   (You took it off a kobold on level 3 of the Dungeon)
Scrolls
 f - a scroll of identify
 n - a scroll of teleportation
 o - a scroll of blinking
 r - a scroll of fog {unknown}
 v - a scroll of remove curse
Potions
 h - a potion of brilliance
 i - a potion of lignification {unknown}
 p - a potion of might {unknown}
Books
 b - a book of Necromancy

   Spells                             Type                      Level
   a - Pain                           Necromancy                   1
   b - Animate Skeleton               Necromancy                   1
   c - Vampiric Draining              Necromancy                   3
   d - Regeneration                   Charms/Necromancy            3
   e - Animate Dead                   Necromancy                   4
   f - Borgnjor's Vile Clutch         Necromancy/Earth             5
Comestibles
 c - 7 rations


   Skills:
 + Level 2.9 Fighting
 + Level 2.9 Short Blades
 + Level 2.9 Long Blades
 + Level 2.9 Axes
 + Level 2.9 Maces & Flails
 + Level 2.9 Polearms
 + Level 2.9 Staves
 + Level 2.9 Slings
 + Level 2.9 Bows
 + Level 2.9 Crossbows
 + Level 2.9 Throwing
 + Level 2.9 Armour
 + Level 5.5 Dodging
 + Level 5.1 Stealth
 + Level 2.9 Shields
 + Level 2.9 Unarmed Combat
 + Level 5.8 Spellcasting
 + Level 2.3 Conjurations
 + Level 2.3 Hexes
 + Level 2.3 Charms
 + Level 2.3 Summonings
 + Level 7.5 Necromancy
 + Level 2.3 Translocations
 + Level 2.3 Transmutations
 + Level 2.3 Fire Magic
 + Level 2.3 Ice Magic
 + Level 2.3 Air Magic
 + Level 2.3 Earth Magic
 + Level 2.3 Poison Magic
 + Level 3.2 Invocations
 + Level 2.9 Evocations


You had 5 spell levels left.
You knew the following spells:

 Your Spells              Type           Power        Failure   Level  Hunger
a - Pain                  Necr           ####         1%          1    None
d - Vampiric Draining     Necr           #####.....   1%          3    ##.....
n - Animate Skeleton      Necr           N/A          1%          1    None
r - Regeneration          Chrm/Necr      ####......   4%          3    ##.....
v - Borgnjor's Vile Clut  Necr/Erth      ####......   36%         5    #####..


Dungeon Overview and Level Annotations

Branches:
Dungeon (5/15)             Temple (1/1) D:5

Altars:
Ashenzari
Dithmenos
Hepliaklqana
Kikubaaqudgha
Nemelex Xobeh
Qazlal
Ru
Trog
Uskayaw
Vehumet
Wu Jian
Zin
The Shining One

Shops:
D:5 %

Annotations:
D:5 tidbits's ghost, weakling GnSk


Innate Abilities, Weirdness & Mutations

Your experience applies equally to all skills.
You have very sharp teeth.
Your uncanny sense of smell can sniff out nearby items.
You have sharp toenails.
You are robust. (+10% HP)
Your muscles are strong. (Str +2)


Message History

Press: ? - help, Shift-Dir - straight line, f/p - orc warrior
Aim: an orc warrior, wielding a short sword and wearing a chain mail (heavily wounded, poisoned)
The orc warrior is severely wounded.
You feel life coursing into your body. You block the orc warrior's attack.
You hit the orc warrior but do no damage.
The orc warrior looks as sick as possible!
Your kick misses the orc warrior.
The orc warrior is severely wounded.
The orc warrior hits you with a short sword!
You hit the orc warrior but do no damage.
You claw the orc warrior, but do no damage.
The orc warrior is almost dead.
The orc warrior misses you.
You hit the orc warrior.
You kill the orc warrior!
You hit the leopard gecko.
The leopard gecko is poisoned.
You claw the leopard gecko.
The leopard gecko is almost dead.
The leopard gecko barely misses you.
Unknown command.
Casting: Vampiric Draining
Confirm with . or Enter, or press ? or * to list all spells.
Your skin crawls.
You are feeling hungry.
You block the leopard gecko's attack.
Unknown command.
You hit the leopard gecko.
You kill the leopard gecko!
You hit the worker ant zombie.
The worker ant zombie is lightly damaged.
The worker ant zombie barely misses you.
You completely miss the worker ant zombie.
The worker ant zombie is lightly damaged.
The worker ant zombie misses you.
You hit the worker ant zombie. Your kick misses the worker ant zombie.
The worker ant zombie is moderately damaged.
The worker ant zombie bites you.
You barely miss the worker ant zombie.
You bite the worker ant zombie, but do no damage.
The worker ant zombie is moderately damaged.
You block the worker ant zombie's attack.
You hit the worker ant zombie but do no damage.
The worker ant zombie is moderately damaged.
You block the worker ant zombie's attack.
You hit the worker ant zombie but do no damage.
The worker ant zombie is moderately damaged.
You block the worker ant zombie's attack.
You hit the worker ant zombie. You claw the worker ant zombie.
The worker ant zombie is severely damaged.
You block the worker ant zombie's attack.
You hit the worker ant zombie.
You bite the worker ant zombie, but do no damage.
The worker ant zombie is almost destroyed.
The worker ant zombie barely misses you.
You hit the worker ant zombie.
The worker ant zombie is almost destroyed.
You barely miss the worker ant zombie. Your kick misses the worker ant zombie.
The worker ant zombie is almost destroyed.
The worker ant zombie misses you.
You hit the worker ant zombie.
You destroy the worker ant zombie!
The crimson imp closely misses you.
You closely miss the crimson imp. The crimson imp barely misses you.
You miss the crimson imp.
Your skin is crawling a little less now.
Unknown command.
Tidbits's ghost turns its malevolent gaze towards you.
You hit the crimson imp. You claw the crimson imp.
The crimson imp is heavily wounded.
The crimson imp closely misses you.
You hit the crimson imp.
The crimson imp is almost dead.
The crimson imp blinks!
The crimson imp blinks!
Things that are here:
a short sword; a chain mail Tidbits's ghost casts a spell.
Tidbits's ghost's wounds begin to heal before your eyes!
Found a stone staircase leading down.
Your skin stops crawling.
There is a stone staircase leading down here.
Unknown command.
Unknown command.
You block the quokka skeleton's attack.
There is an open door here.
There is a staircase to the Ecumenical Temple here.
The quokka skeleton misses you.
You climb downwards.
Welcome to the Ecumenical Temple!
Found three altars.
There is a staircase back to the Dungeon here.
Unknown command.
Found an ornate altar of the Wu Jian Council.
There is a shadowy altar of Dithmenos here.
Found a sacrificial altar of Ru.
Found a glowing golden altar of the Shining One.
Found an ancient bone altar of Kikubaaqudgha.
Found a hide-covered altar of Uskayaw.
Found a hazy altar of Hepliaklqana.
Found a stormy altar of Qazlal.
Are you sure you want to abandon this character and quit the game? (Confirm with "yes".)

##.....................
##......._......#######.
##............#### ##
#...........###
##....._....##
#..........##
#..........#
#....<.....#
#........@.#
#..........##
##....._....##
#...........###
##............#### ##
##.......#......#######.
##.....................
###........_..........
###.................


There were no monsters in sight!

Vanquished Creatures
  Menkaure (D:4)
  A sky beast (D:5)
  An orc warrior (D:5)
  An ogre (D:5)
  A centaur (D:5)
  A bullfrog (Sewer)
  A hound (D:4)
  A crimson imp (D:3)
  An orc priest (D:3)
  An orc wizard (D:4)
  2 iguanas (D:5)
  A worker ant (D:4)
  A worker ant zombie (D:5)
  7 adders
  A river rat (D:3)
  4 oozes (Sewer)
  A dart slug (D:5)
  14 leopard geckos
  11 orcs
  13 ball pythons
  A bat (D:1)
  11 giant cockroaches
  2 goblins
  A hobgoblin (D:1)
  A jackal (D:5)
  3 kobolds
  9 frilled lizards
  9 rats
102 creatures vanquished.

Vanquished Creatures (collateral kills)
  An ooze (Sewer)
  A leopard gecko (Sewer)
  2 ball pythons (Sewer)
  2 frilled lizards (Sewer)
6 creatures vanquished.

Grand Total: 108 creatures vanquished

Notes
Turn   | Place    | Note
-------+----------+-------------------------------------------
     0 | D:1      | tidbits the Gnoll Necromancer began the quest for the Orb.
     0 | D:1      | Reached XP level 1. HP: 13/13 MP: 6/6
    80 | D:1      | Reached XP level 2. HP: 11/19 MP: 3/7
    83 | D:1      | Learned a level 1 spell: Animate Skeleton
   131 | D:3      | Noticed a crimson imp
   147 | D:3      | Killed a crimson imp
   147 | D:3      | Reached skill level 5 in Spellcasting
   147 | D:3      | Reached skill level 1 in Invocations
   147 | D:3      | Reached XP level 3. HP: 4/25 MP: 6/9
   165 | D:3      | Learned a level 3 spell: Regeneration
   170 | D:3      | Learned a level 3 spell: Vampiric Draining
   188 | D:3      | Reached skill level 1 in Fighting
   188 | D:3      | Reached skill level 1 in Short Blades
   188 | D:3      | Reached skill level 1 in Long Blades
   188 | D:3      | Reached skill level 1 in Axes
   188 | D:3      | Reached skill level 1 in Maces & Flails
   188 | D:3      | Reached skill level 1 in Polearms
   188 | D:3      | Reached skill level 1 in Staves
   188 | D:3      | Reached skill level 1 in Slings
   188 | D:3      | Reached skill level 1 in Bows
   188 | D:3      | Reached skill level 1 in Crossbows
   188 | D:3      | Reached skill level 1 in Throwing
   188 | D:3      | Reached skill level 1 in Armour
   188 | D:3      | Reached skill level 1 in Shields
   188 | D:3      | Reached skill level 1 in Unarmed Combat
   188 | D:3      | Reached skill level 1 in Evocations
   188 | D:3      | Reached XP level 4. HP: 7/32 MP: 8/11
   205 | D:3      | HP: 3/32 [kobold (3)]
   207 | D:3      | HP: 1/32 [kobold (2)]
   231 | D:3      | Found a glowing drain.
   254 | D:3      | Reached skill level 1 in Conjurations
   254 | D:3      | Reached skill level 1 in Hexes
   254 | D:3      | Reached skill level 1 in Charms
   254 | D:3      | Reached skill level 1 in Summonings
   254 | D:3      | Reached skill level 1 in Translocations
   254 | D:3      | Reached skill level 1 in Transmutations
   254 | D:3      | Reached skill level 1 in Fire Magic
   254 | D:3      | Reached skill level 1 in Ice Magic
   254 | D:3      | Reached skill level 1 in Air Magic
   254 | D:3      | Reached skill level 1 in Earth Magic
   254 | D:3      | Reached skill level 1 in Poison Magic
   269 | Sewer    | Entered a sewer
   290 | Sewer    | Reached XP level 5. HP: 31/37 MP: 3/12
   499 | Sewer    | Reached XP level 6. HP: 39/44 MP: 7/13
   516 | Sewer    | Learned a level 5 spell: Borgnjor's Vile Clutch
   527 | Sewer    | Reached skill level 2 in Invocations
   619 | D:4      | Reached skill level 2 in Fighting
   619 | D:4      | Reached skill level 2 in Short Blades
   619 | D:4      | Reached skill level 2 in Long Blades
   619 | D:4      | Reached skill level 2 in Axes
   619 | D:4      | Reached skill level 2 in Maces & Flails
   619 | D:4      | Reached skill level 2 in Polearms
   619 | D:4      | Reached skill level 2 in Staves
   619 | D:4      | Reached skill level 2 in Slings
   619 | D:4      | Reached skill level 2 in Bows
   619 | D:4      | Reached skill level 2 in Crossbows
   619 | D:4      | Reached skill level 2 in Throwing
   619 | D:4      | Reached skill level 2 in Armour
   619 | D:4      | Reached skill level 5 in Dodging
   619 | D:4      | Reached skill level 2 in Shields
   619 | D:4      | Reached skill level 2 in Unarmed Combat
   619 | D:4      | Reached skill level 2 in Evocations
   634 | D:4      | Found a shattered altar of Ashenzari.
   684 | D:4      | Noticed Menkaure
   691 | D:4      | Gained mutation: You have sharp toenails. [potion of mutation]
   691 | D:4      | Gained mutation: You are robust. (+10% HP) [potion of mutation]
   691 | D:4      | Gained mutation: Your muscles are strong. (Str +2) [potion of mutation]
   704 | D:4      | Killed Menkaure
   704 | D:4      | Reached XP level 7. HP: 6/55 MP: 11/15
   716 | D:4      | Found a bloodstained altar of Trog.
   716 | D:4      | Found a radiant altar of Vehumet.
   740 | D:5      | Entered Level 5 of the Dungeon
   775 | D:5      | Reached skill level 2 in Conjurations
   775 | D:5      | Reached skill level 2 in Hexes
   775 | D:5      | Reached skill level 2 in Charms
   775 | D:5      | Reached skill level 2 in Summonings
   775 | D:5      | Reached skill level 2 in Translocations
   775 | D:5      | Reached skill level 2 in Transmutations
   775 | D:5      | Reached skill level 2 in Fire Magic
   775 | D:5      | Reached skill level 2 in Ice Magic
   775 | D:5      | Reached skill level 2 in Air Magic
   775 | D:5      | Reached skill level 2 in Earth Magic
   775 | D:5      | Reached skill level 2 in Poison Magic
   817 | D:5      | Found Sidinne's Food Shop.
   886 | D:5      | Reached skill level 5 in Stealth
   975 | D:5      | Reached skill level 3 in Invocations
  1002 | D:5      | Reached XP level 8. HP: 33/62 MP: 11/16
  1029 | D:5      | Found a staircase to the Ecumenical Temple.
  1033 | D:5      | Noticed tidbits's ghost (weakling GnSk)
  1073 | Temple   | Entered the Ecumenical Temple
  1130 | Temple   | Quit the game

Skill      XL: |  1  2  3  4  5  6  7 |
---------------+----------------------+-----
Spellcasting   | 5 |  5.8
Invocations    | 1 2 3 |  3.2
Fighting       | 1 2 |  2.9
Short Blades   | 1 2 |  2.9
Long Blades    | 1 2 |  2.9
Axes           | 1 2 |  2.9
Maces & Flails | 1 2 |  2.9
Polearms       | 1 2 |  2.9
Staves         | 1 2 |  2.9
Slings         | 1 2 |  2.9
Bows           | 1 2 |  2.9
Crossbows      | 1 2 |  2.9
Throwing       | 1 2 |  2.9
Armour         | 1 2 |  2.9
Shields        | 1 2 |  2.9
Unarmed Combat | 1 2 |  2.9
Evocations     | 1 2 |  2.9
Conjurations   | 1 2 |  2.3
Hexes          | 1 2 |  2.3
Charms         | 1 2 |  2.3
Summonings     | 1 2 |  2.3
Translocations | 1 2 |  2.3
Transmutations | 1 2 |  2.3
Fire Magic     | 1 2 |  2.3
Ice Magic      | 1 2 |  2.3
Air Magic      | 1 2 |  2.3
Earth Magic    | 1 2 |  2.3
Poison Magic   | 1 2 |  2.3
Dodging        | 5 |  5.5
Stealth        | 5 |  5.1
Necromancy     | |  7.5

Action                   |  1- 3 |  4- 6 |  7- 9 || total
-------------------------+-------+-------+-------++-------
Melee: Short sword       |    17 |   158 |    55 ||   230
       Bite              |     2 |    12 |     7 ||    21
       Kick              |       |     3 |    12 ||    15
 Cast: Pain              |    13 |    30 |     8 ||    51
       Regeneration      |     1 |     8 |     5 ||    14
       Animate Skeleton  |       |     1 |       ||     1
       Vampiric Draining |       |     1 |     4 ||     5
  Use: Potion            |     1 |     2 |       ||     3
       Scroll            |       |       |     6 ||     6
 Stab: Sleeping          |     1 |     1 |     3 ||     5
  Eat: Chunk             |       |     1 |     1 ||     2
Armor: Robe              |     2 |    26 |     9 ||    37
Dodge: Dodged            |     7 |   148 |    32 ||   187
Block: Buckler           |       |       |    16 ||    16

Table legend:
 A = Turns spent in this place as a percentage of turns spent in the entire game.
 B = Non-inter-level travel turns spent in this place as a percentage of non-inter-level travel turns spent in the entire game.
 C = Inter-level travel turns spent in this place as a percentage of turns spent in this place.
 D = Turns resting spent in this place as a percentage of non-inter-level travel turns spent in this place.
 E = Turns spent auto-exploring this place as a percentage of non-inter-level travel turns spent in this place.
 F = Non-inter-level travel turns spent in this place divided by the number of levels of this place that you've seen.
                   A       B       C       D       E      F
               +-------+-------+-------+-------+-------+----------------------
         Total | 100.0 | 100.0 |   0.0 |   0.0 |   0.0 | 161.4
       Dungeon |  70.4 |  70.4 |   0.0 |   0.0 |   0.0 | 159.2
        Temple |   5.0 |   5.0 |   0.0 |   0.0 |   0.0 |  57.0
         Sewer |  24.5 |  24.5 |   0.0 |   0.0 |   0.0 | 277.0
               +-------+-------+-------+-------+-------+----------------------

Table legend:
 A = Kills in this place as a percentage of kills in entire the game.
 B = Kills by you in this place as a percentage of kills by you in the entire game.
 C = Kills by friends in this place as a percentage of kills by friends in the entire game.
 D = Other kills in this place as a percentage of other kills in the entire game.
 E = Experience gained in this place as a percentage of experience gained in the entire game.
 F = Experience gained in this place divided by the number of levels of this place that you have seen.
                   A       B       C       D       E      F
               +-------+-------+-------+-------+-------+----------------------
         Total | 100.0 | 100.0 | 100.0 |   N/A | 100.0 | 195.4
       Dungeon |  48.1 |  51.0 |   0.0 |   N/A |  79.0 | 216.2
         Sewer |  51.9 |  49.0 | 100.0 |   N/A |  21.0 | 287.0
               +-------+-------+-------+-------+-------+----------------------

Vault maps used:
D:1:      minmay_arrival_doors
D:2:      minmay_hexomino_p4
D:3:      nicolae_gozag_seed_capital, portal_sewer_entry_a, first_ration,
          uniq_robin
D:4:      kb_forest_paths, gammafunk_temple_overflow_wave,
          nicolae_ashenzari_panopticon, uniq_menkaure
D:5:      temple_fountains, serial_shops, kennysheep_little_box, st_stairs_7,
          minmay_small_thing
Temple:   compressed_dpeg_circular_temple
Sewer:    sewer_frog_island_02
